 Dungeon Crawl Stone Soup version 0.28.0-53-g5a82cb258f (webtiles) character file.

Game seed: 8411560801742968547

692 Gabide the Spear-Bearer (level 7, -1/52 HPs)
             Began as a Merfolk Monk on May 27, 2022.
             Slain by a wraith (8 damage)
             ... on level 6 of the Dungeon.
             The game lasted 00:06:10 (4474 turns).

Gabide the Spear-Bearer (Merfolk Monk)              Turns: 4474, Time: 00:06:11

Health: -1/52      AC:  4    Str: 11    XL:     7   Next: 63%
Magic:  7/7        EV: 13    Int: 10    God:
Gold:   164        SH:  0    Dex: 16    Spells: 6/6 levels left

rFire   . . .      SeeInvis .   l - +0 demon trident (freeze)
rCold   . . .      Faith    .   (no shield)
rNeg    . . .      Spirit   .   q - +0 leather armour
rPois   .          Reflect  .   (no helmet)
rElec   .          Harm     .   s - +0 cloak
rCorr   .          Rampage  .   (no gloves)
Will    +....                   (no boots)
Stlth   ++........              (no amulet)
HPRegen 0.17/turn               (no ring)
MPRegen 0.10/turn               (no ring)

@: slowed, very slow
A: (nimble swimmer 2), mertail, clumsy 1, strong-willed 1, sense surroundings 1
a: no special abilities


You were on level 6 of the Dungeon.
You visited 2 branches of the dungeon, and saw 7 of its levels.

You collected 164 gold pieces.

Inventory:

Hand Weapons
 l - a +0 demon trident of freezing (weapon)
 p - a +3 spear
Armour
 d - a +0 scale mail
 h - a +0 ring mail
 q - a +0 leather armour (worn)
 r - a scarf of invisibility
 s - a +0 cloak (worn)
Wands
 f - a wand of iceblast (7)
Scrolls
 b - a scroll of blinking
 c - a scroll of teleportation {unknown}
 i - a scroll of amnesia {unknown}
 j - a scroll of magic mapping {unknown}
 k - a scroll of vulnerability {unknown}
Potions
 a - 2 potions of degeneration
 g - a potion of resistance
 m - a potion of might
 o - a potion of cancellation {unknown}


   Skills:
 - Level 3.2 Fighting
 + Level 12.3 Polearms
 - Level 4.0 Dodging
 - Level 2.1 Stealth


You had 6 spell levels left.
You didn't know any spells.
Your spell library contained the following spells:

 Spells                   Type           Power      Damage    Failure   Level
 Fireball                 Conj/Fire      0%         3d3       100%        5
 Summon Forest            Summ/Tloc      0%         N/A       100%        5
 Eringya's Noxious Bog    Tmut/Pois      0%         N/A       100%        6
 Starburst                Conj/Fire      0%         6d3       100%        6
 Summon Hydra             Summ           0%         N/A       100%        7
 Ignition                 Fire           0%         3d3       100%        8


Dungeon Overview and Level Annotations

Branches:
Dungeon (6/15)             Temple (1/1) D:5

Altars:
Ashenzari
Cheibriados
Dithmenos
Elyvilon
Gozag
Kikubaaqudgha
Nemelex Xobeh
Qazlal
Ru
Trog
Uskayaw
Zin
The Shining One

Annotations:
D:3 2 transporters
D:5 4 runed translucent doors, Crazy Yiuf; DildoBatman's ghost, novice FoCj; Sobaton's ghost, novice MiFi; beigtais's ghost, amateur DsFi; duchin's ghost, amateur DjFE; gno's ghost, novice GrEE


Innate Abilities, Weirdness & Mutations

((You are very nimble when in or above water. (Stealth+, EV+, Speed+++)))
Your lower body shifts to a powerful aquatic tail in water.
You are clumsy. (Dex -2)
You are strong-willed. (Will+)
You passively map a small area around you.


Message History

You are too injured to fight recklessly!
You are too injured to fight recklessly!
You are too injured to fight recklessly!
You are too injured to fight recklessly!
You are too injured to fight recklessly!
You are too injured to fight recklessly!
You are too injured to fight recklessly!
You barely miss the wraith.
The wraith is heavily damaged.
The wraith hits you but does no damage.
You hit the wraith but do no damage.
The wraith is heavily damaged.
The wraith hits you!
* * * LOW HITPOINT WARNING * * *
You hit the wraith but do no damage.
The wraith is heavily damaged.
The wraith barely misses you.
You feel better. The wraith closely misses you. The wraith barely misses you.
The wraith hits you.
You closely miss the wraith.
The wraith is heavily damaged.
The wraith hits you but does no damage.
You barely miss the wraith.
The wraith is heavily damaged.
The wraith barely misses you.
You barely miss the wraith.
The wraith is heavily damaged.
The wraith misses you.
You hit the wraith but do no damage.
The wraith is heavily damaged.
The wraith closely misses you. The wraith hits you!
* * * LOW HITPOINT WARNING * * *
The wraith drains your vigour!
You feel as though you will be slow longer.
You feel better. The wraith hits you.
* * * LOW HITPOINT WARNING * * *
You feel better. The wraith hits you!
* * * LOW HITPOINT WARNING * * *
The wraith hits you!
You die...

#..............# * *
,#..............#, ,
#.............># ,
###†.............######
....#'#######+#.......#
,
....#...#.....#.......#,
....+...#.....#.......#
....#...'.....#.......#
....#...#.....#.@.....#
....#...#.....#.W.....+
,
....#..###....#:......##
..###..####'###.........
,
..#...........#.........
..#...........#.........
,
..#...........#.!.......
..#...........#....#####
..#......^....#..... , *


You could see a wraith.

Vanquished Creatures
  A black bear (D:5)
  An ogre (D:5)
  A phantom (D:5)
  A howler monkey (D:4)
  A bullfrog skeleton (D:6)
  4 hounds (D:5)
  3 orc wizards (D:3)
  A hound zombie (D:5)
  4 gnolls (D:2)
  4 adders
  A white imp (D:6)
  An ufetubus (D:5)
  3 dart slugs
  10 orcs
  4 ball pythons
  3 bats
  8 endoplasms
  6 giant cockroaches
  4 goblins
  5 hobgoblins
  2 jackals (D:1)
  2 quokkas
  3 frilled lizards
  6 kobolds
  3 rats (D:2)
82 creatures vanquished.

Notes
Turn   | Place    | Note
-------+----------+-------------------------------------------
     0 | D:1      | Gabide the Merfolk Monk began the quest for the Orb.
     0 | D:1      | Reached XP level 1. HP: 18/18 MP: 1/1
   194 | D:1      | Reached skill level 5 in Polearms
   230 | D:1      | Reached XP level 2. HP: 24/24 MP: 2/2
   827 | D:2      | Reached skill level 6 in Polearms
   827 | D:2      | Reached XP level 3. HP: 29/29 MP: 3/3
  1369 | D:2      | Identified the +4 dagger of Perfectionism {vorpal, Fragile
                  | +Blink rCorr Str+4}
  1645 | D:2      | Reached skill level 7 in Polearms
  1645 | D:2      | Reached XP level 4. HP: 23/35 MP: 4/4
  2050 | D:3      | Gained mutation: You are frail. (-10% HP) [potion of
                  | mutation]
  2050 | D:3      | Gained mutation: Your mind is acute. (Int +2) [potion of
                  | mutation]
  2062 | D:3      | Reached skill level 8 in Polearms
  2271 | D:3      | Lost mutation: You are frail. (-10% HP) [potion of
                  | mutation]
  2271 | D:3      | Lost mutation: Your mind is acute. (Int +2) [potion of
                  | mutation]
  2271 | D:3      | Gained mutation: You are clumsy. (Dex -2) [potion of
                  | mutation]
  2271 | D:3      | Gained mutation: You are strong-willed. (Will+) [potion of
                  | mutation]
  2271 | D:3      | Gained mutation: You passively map a small area around you.
                  | [potion of mutation]
  2279 | D:3      | Reached XP level 5. HP: 36/41 MP: 5/5
  2348 | D:3      | Found a stormy altar of Qazlal.
  2664 | D:3      | Reached skill level 9 in Polearms
  2740 | D:3      | Noticed a kobold demonologist
  2744 | D:3      | Found a transporter.
  2746 | D:3      | Found a transporter.
  3035 | D:4      | Reached XP level 6. HP: 47/47 MP: 6/6
  3045 | D:4      | You fall into a shaft and drop 1 floor!
  3045 | D:5      | Entered Level 5 of the Dungeon
  3135 | D:5      | Found a white marble altar of Elyvilon.
  3135 | D:5      | Found a broken altar of Ashenzari.
  3145 | D:5      | Noticed a black bear
  3152 | D:5      | Killed a black bear
  3153 | D:5      | Reached skill level 10 in Polearms
  3197 | D:5      | Identified the +6 short sword "Kossuroi" {flame, Contam
                  | Will+ Str+5}
  3268 | D:5      | Reached skill level 11 in Polearms
  3268 | D:5      | Reached XP level 7. HP: 52/52 MP: 7/7
  3345 | D:5      | Found a runed translucent door.
  3346 | D:5      | Noticed Crazy Yiuf
  3620 | D:5      | Found a staircase to the Ecumenical Temple.
  3696 | D:5      | Reached skill level 12 in Polearms
  3837 | D:5      | Found a bloodstained altar of Trog.
  3893 | D:5      | Found a runed translucent gate.
  3893 | D:5      | Found a runed translucent gate.
  3894 | D:5      | Found a runed translucent gate.
  3895 | D:5      | Noticed gno's ghost (novice GrEE)
  3895 | D:5      | Noticed DildoBatman's ghost (novice FoCj)
  3895 | D:5      | Noticed beigtais's ghost (amateur DsFi)
  3896 | D:5      | Noticed duchin's ghost (amateur DjFE)
  3896 | D:5      | Noticed Sobaton's ghost (novice MiFi)
  4014 | Temple   | Entered the Ecumenical Temple
  4446 | D:6      | Noticed a wraith
  4474 | D:6      | Slain by a wraith

Illustrated notes

Levels and vault maps discovered:
D:1:      minmay_arrival_loop, layout_rooms
D:2:      layout_basic
D:3:      gammafunk_wand_slinger, layout_loops_ring, lemuel_round_altar
D:4:      layout_rooms, nicolae_overflow_hidden_temple,
          mainiacjoe_overflow_brackets, kennysheep_generic_room_2
D:5:      layout_basic, trog_book, chequers_temple_overflow_statue_of_worship,
          minmay_temple_entry_sparse_star, gammafunk_ghost_cemetery,
          uniq_crazy_yiuf_cottage
D:6:      layout_gridville, nicolae_wu_jian_immortal_techniques
Temple:   grunt_temple_mini_profane

Skill      XL: |  1  2  3  4  5  6  7 |
---------------+----------------------+-----
Polearms       | 5 6 7 8 9 11 12 | 12.3
Fighting       | |  3.2
Dodging        | |  4.0
Stealth        | |  2.1

Action                   |  1- 3 |  4- 6 |  7- 9 || total
-------------------------+-------+-------+-------++-------
Melee: Spear             |    71 |       |       ||    71
       Demon trident     |    45 |    91 |    79 ||   215
  Use: Potion            |       |     4 |     3 ||     7
       Scroll            |       |       |     3 ||     3
 Stab: Sleeping          |     7 |     4 |     1 ||    12
       Distracted        |       |     1 |       ||     1
Armor: Robe              |     7 |       |       ||     7
       Leather armour    |       |    14 |    10 ||    24
Dodge: Dodged            |    50 |    21 |    29 ||   100
